 Dungeon Crawl Stone Soup version 0.20-a0-223-g066d66b (webtiles) character file.

217 Glaeka the Sneak (level 5, -22/30 HPs)
             Began as a Deep Elf Assassin on Nov 29, 2016.
             Killed from afar by a jackal (29 damage)
             ... with an exploding inner flame
             ... hexed by the player character
             ... on level 4 of the Dungeon.
             The game lasted 00:19:36 (2552 turns).

Glaeka the Sneak (Deep Elf Assassin)                Turns: 2552, Time: 00:19:38

Health: -22/30     AC:  4    Str:  8    XL:     5   Next: 61%
Magic:  7/7        EV: 13    Int: 16    God:
Gold:   168        SH:  0    Dex: 17    Spells: 4/4 levels left

rFire  . . .     SeeInvis .     a - +2 dagger
rCold  . . .     Gourm    .     c - +0 robe
rNeg   . . .     Faith    .     (no shield)
rPois  .         Spirit   .     (no helmet)
rElec  .         Reflect  .     d - +0 cloak
rCorr  .         Harm     .     h - +0 pair of gloves
MR     .....                    (no boots)
Stlth  +++.......               (no amulet)
                                (no ring)
                                (no ring)

@: no status effects
A: no striking features
a: no special abilities


You were on level 4 of the Dungeon.
You were hungry.

You visited 1 branch of the dungeon, and saw 4 of its levels.

You collected 168 gold pieces.

Inventory:

Hand Weapons
 a - a +2 dagger (weapon)
 b - a +0 blowgun
 l - a +1 vampiric short sword
Missiles
 e - 26 poisoned needles
 f - 2 curare-tipped needles
Armour
 c - a +0 robe (worn)
 d - a +0 cloak (worn)
 h - a +0 pair of gloves (worn)
Jewellery
 o - a cursed amulet of faith
Scrolls
 i - a scroll of remove curse
 k - 2 scrolls of identify
Potions
 m - a potion of cancellation
Comestibles
 g - 3 bread rations
 s - a chunk of flesh


   Skills:
 + Level 2.3 Fighting
 * Level 3.7 Short Blades
 - Level 3.4 Throwing
 + Level 2.9 Dodging
 + Level 5.3 Stealth


You had 4 spell levels left.
You didn't know any spells.

Dungeon Overview and Level Annotations

Branches:
Dungeon (4/15)
 Temple: D:4-7

Altars:

Portals:
Sewer: D:4

Annotations:
D:3 Mitch's ghost, amateur DsFi


Message History

The creatures around you are filled with an inner flame!
It was a scroll of immolation.
You are feeling hungry.
The jackal bites you but does no damage.
The adder skeleton bites you. The howler monkey hits you.
* * * LOW HITPOINT WARNING * * *
The jackal closely misses you.
You hit the howler monkey.
The howler monkey explodes!
The fiery explosion engulfs the adder skeleton.
The adder skeleton explodes!
The fiery explosion engulfs the leopard gecko skeleton.
The leopard gecko skeleton explodes!
The fiery explosion engulfs the jackal.
The jackal explodes!
The fiery explosion engulfs the jackal.
The jackal explodes!
The fiery explosion engulfs you!
Ouch! That really hurt!
You die...

w...## ..... ..(.#
##########....##
......§§@#.....#
......§§§#.h...#
......§§w#.....#
.........(....#
...............######.
......................
......................
......................
......................


You could see a worm (inner flame).

Vanquished Creatures
  A scorpion (D:3)
  Ijyb (D:2)
  An iguana (D:3)
  A worker ant (D:4)
  3 adders
  2 dart slugs (D:1)
  2 leopard geckos (D:1)
  2 ball pythons (D:4)
  8 bats
  4 giant cockroaches
  6 goblins
  10 hobgoblins
  4 jackals
  6 kobolds
  2 frilled lizards
  8 rats
61 creatures vanquished.

Notes
Turn   | Place    | Note
-------+----------+-------------------------------------------
     0 | D:1      | Glaeka the Deep Elf Assassin began the quest for the Orb.
     0 | D:1      | Reached XP level 1. HP: 12/12 MP: 3/3
   195 | D:1      | Reached XP level 2. HP: 15/17 MP: 4/4
   630 | D:1      | Reached XP level 3. HP: 5/21 MP: 5/5
   969 | D:2      | Noticed Ijyb
   987 | D:2      | Killed Ijyb
   987 | D:2      | Reached XP level 4. HP: 19/26 MP: 6/6
  1066 | D:2      | Found a faded altar of an unknown god.
  1507 | D:3      | Reached skill level 5 in Stealth
  1530 | D:3      | HP: 1/26 [poisoned by a scorpion]
  1538 | D:3      | Noticed Mitch's ghost (amateur DsFi)
  1730 | D:3      | Reached XP level 5. HP: 9/30 MP: 7/7
  1760 | D:3      | HP: 1/30 [poisoned by an adder]
  2472 | D:4      | Found a glowing drain.
  2552 | D:4      | Killed from afar by a jackal

Vault maps used:
D:1:      wheals_arrival_linesprint, minmay_cut_off
D:2:      first_bread, chequers_ecumenical_altar_twisty, uniq_iyjb
D:4:      portal_sewer_entry_e

Skill      XL: |  1  2  3  4 |
---------------+-------------+-----
Short Blades   | 3 |  3.7
Dodging        | 2 |  2.9
Fighting       | 2 |  2.3
Throwing       | 3 |  3.4
Stealth        | 5 |  5.3

Action                   |  1- 3 |  4- 6 || total
-------------------------+-------+-------++-------
Melee: Dagger            |    98 |    95 ||   193
 Fire: Blowgun           |    19 |    16 ||    35
Throw: Javelin           |     7 |     9 ||    16
  Use: Potion            |       |     4 ||     4
       Scroll            |       |     6 ||     6
 Stab: Sleeping          |     4 |     9 ||    13
  Eat: Chunk             |       |     3 ||     3
       Fruit             |       |     2 ||     2
Armor: Robe              |    14 |    22 ||    36
Dodge: Dodged            |    46 |    60 ||   106
